TOP OF THE 1ST |
Tri-City Dust Devils batting - Pitching for Brooklyn Cyclones : RHP Nate LaCava
|
Pitching: RHP Nate LaCava
|
|
Batting: RHB Mario Mejia
|
0-0: Ball 1-0: Called Strike 1-1: Foul Ball, location: 2F 1-2: Strikes out swinging
|
Batting: LHB Ramon Vega
|
0-0: Ball 1-0: Ground out 6-3 (Groundball, 6, EV 87.5 MPH)
|
Batting: RHB Jeremy Lewis
|
0-0: Called Strike 0-1: Foul Ball, location: 2F 0-2: Foul Ball, location: 2F 0-2: Strikes out swinging
|
Top of the 1st over - 0 runs, 0 hits, 0 errors, 0 left on base; Tri-City 0 - Brooklyn 0 |
BOTTOM OF THE 1ST |
Brooklyn Cyclones batting - Pitching for Tri-City Dust Devils : LHP Cory Watson
|
Pitching: LHP Cory Watson
|
|
Batting: LHB Tom Prayer
|
0-0: Ball 1-0: Ball 2-0: Ball 3-0: Base on Balls
|
Batting: SHB Alex Cavazos
|
0-0: Called Strike 0-1: Ball 1-1: Ball 2-1: Ball 3-1: Called Strike Tom Prayer steals 2nd base 3-2: Ground out 6-3 (Groundball, 6, EV 81.9 MPH) Tom Prayer to third
|
Batting: RHB Jose Lara
|
0-0: Foul Ball, location: 2F 0-1: Ball 1-1: Foul Ball, location: 2F 1-2: Fly out, F8 (Line Drive, 8LD, EV 111.2 MPH) Runner from 3rd tags up, SCORES, no throw by CF
|
Batting: RHB Tomas Raya
|
0-0: Ball 1-0: Foul Ball, location: 2F 1-1: SOLO HOME RUN (Flyball, 9D, EV 99.4 MPH), Distance : 387 ft
|
Batting: RHB Danny Runberg
|
0-0: Ball 1-0: Ball 2-0: Ball 3-0: Called Strike 3-1: Swinging Strike 3-2: Foul Ball, location: 2F 3-2: Foul Ball, location: 2F 3-2: DOUBLE (Line Drive, 89D, EV 98.8 MPH)
|
Batting: RHB Chris Artz
|
0-0: Called Strike 0-1: Ball 1-1: Swinging Strike 1-2: Strikes out swinging
|
Bottom of the 1st over - 2 runs, 2 hits, 0 errors, 1 left on base; Tri-City 0 - Brooklyn 2 |
TOP OF THE 2ND |
Tri-City Dust Devils batting - Pitching for Brooklyn Cyclones : RHP Nate LaCava
|
Batting: LHB Sammy Roddenberry
|
0-0: Called Strike 0-1: Called Strike 0-2: Foul Ball, location: 2F 0-2: Fly out, F7 (Line Drive, 7S, EV 95.6 MPH)
|
Batting: RHB Wally Cangro
|
0-0: Ball 1-0: Called Strike 1-1: SINGLE (Line Drive, 8LS, EV 109.4 MPH)
|
Batting: RHB Jaden Scott
|
0-0: Ball Wally Cangro steals 2nd base 1-0: Called Strike Wally Cangro steals 3rd base 1-1: Fly out, F8 (Flyball, 8RD, EV 91.9 MPH) Runner from 3rd tags up, SCORES, throw by CF
|
Batting: RHB Freddie Brown
|
0-0: Swinging Strike 0-1: Ball 1-1: Ball 2-1: Foul Ball, location: 2F 2-2: Ball 3-2: DOUBLE (Line Drive, 9LM, EV 93.1 MPH)
|
Batting: LHB Hugo MacBeth
|
0-0: Called Strike 0-1: Ball 1-1: Foul Ball, location: 2F 1-2: Ground out 6-3 (Groundball, 56, EV 87.5 MPH)
|
Top of the 2nd over - 1 run, 2 hits, 0 errors, 1 left on base; Tri-City 1 - Brooklyn 2 |
BOTTOM OF THE 2ND |
Brooklyn Cyclones batting - Pitching for Tri-City Dust Devils : LHP Cory Watson
|
Batting: RHB Louwe Starmans
|
0-0: Called Strike 0-1: Ball 1-1: Ground out 6-3 (Groundball, 6, EV 107.5 MPH)
|
Batting: RHB Junki Nakamoto
|
0-0: Foul Ball, location: 2F 0-1: Ball 1-1: Ball 2-1: Foul Ball, location: 2F 2-2: Ground out 1-3 (Groundball, 23, EV 61.2 MPH)
|
Batting: RHB Rob Bly
|
0-0: Swinging Strike 0-1: Called Strike 0-2: Foul Ball, location: 2F 0-2: Strikes out swinging
|
Bottom of the 2nd over - 0 runs, 0 hits, 0 errors, 0 left on base; Tri-City 1 - Brooklyn 2 |
TOP OF THE 3RD |
Tri-City Dust Devils batting - Pitching for Brooklyn Cyclones : RHP Nate LaCava
|
Batting: RHB Max Stillo
|
0-0: Called Strike 0-1: Ball 1-1: Ground out 6-3 (Groundball, 6S, EV 78.8 MPH)
|
Batting: RHB Mario Mejia
|
0-0: Ball 1-0: Ball 2-0: Called Strike 2-1: Called Strike 2-2: Ball 3-2: Strikes out swinging
|
Batting: LHB Ramon Vega
|
0-0: Ball 1-0: Ball 2-0: Foul Ball, location: 2F 2-1: Foul Ball, location: 2F 2-2: Ball 3-2: SINGLE (Groundball, 34S, EV 70.0 MPH) (infield hit)
|
Batting: RHB Jeremy Lewis
|
0-0: Ball 1-0: Ball 2-0: Called Strike 2-1: Fly out, F8 (Flyball, 8RM, EV 90.6 MPH)
|
Top of the 3rd over - 0 runs, 1 hit, 0 errors, 1 left on base; Tri-City 1 - Brooklyn 2 |
BOTTOM OF THE 3RD |
Brooklyn Cyclones batting - Pitching for Tri-City Dust Devils : LHP Cory Watson
|
Batting: LHB Tom Prayer
|
0-0: Called Strike 0-1: Ball 1-1: Ball 2-1: Ball 3-1: Foul Ball, location: 2F 3-2: Ground out 6-3 (Groundball, 56, EV 100.0 MPH)
|
Batting: SHB Alex Cavazos
|
0-0: Swinging Strike 0-1: Ball 1-1: Ball 2-1: Foul Ball, location: 2F 2-2: Foul Ball, location: 2F 2-2: Ball 3-2: Ground out 6-3 (Groundball, 6M, EV 92.5 MPH)
|
Batting: RHB Jose Lara
|
0-0: Swinging Strike 0-1: Foul Ball, location: 2F 0-2: SINGLE (Line Drive, 78S, EV 102.5 MPH)
|
Batting: RHB Tomas Raya
|
0-0: Fielders Choice at 2nd, 6-4 (Groundball, 56, EV 97.5 MPH)
|
Bottom of the 3rd over - 0 runs, 1 hit, 0 errors, 1 left on base; Tri-City 1 - Brooklyn 2 |
TOP OF THE 4TH |
Tri-City Dust Devils batting - Pitching for Brooklyn Cyclones : RHP Nate LaCava
|
Batting: LHB Sammy Roddenberry
|
0-0: Foul Ball, location: 2F 0-1: Foul Ball, location: 2F 0-2: Foul Ball, location: 2F 0-2: Fly out, F9 (Line Drive, 9, EV 101.9 MPH)
|
Batting: RHB Wally Cangro
|
0-0: Called Strike 0-1: Swinging Strike 0-2: Ball 1-2: Ground out U3 (Groundball, 3S, EV 81.2 MPH)
|
Batting: RHB Jaden Scott
|
0-0: Ball 1-0: Foul Ball, location: 2F 1-1: Called Strike 1-2: Strikes out swinging
|
Top of the 4th over - 0 runs, 0 hits, 0 errors, 0 left on base; Tri-City 1 - Brooklyn 2 |
BOTTOM OF THE 4TH |
Brooklyn Cyclones batting - Pitching for Tri-City Dust Devils : LHP Cory Watson
|
Batting: RHB Danny Runberg
|
0-0: Ball 1-0: Ground out 6-3 (Groundball, 6, EV 107.5 MPH)
|
Batting: RHB Chris Artz
|
0-0: Ball 1-0: Swinging Strike 1-1: Ball 2-1: Ball 3-1: Foul Ball, location: 2F 3-2: Base on Balls
|
Batting: RHB Louwe Starmans
|
0-0: Ball 1-0: Foul Ball, location: 2F 1-1: Ball 2-1: Ball 3-1: Foul Ball, location: 2F 3-2: Base on Balls Chris Artz to second
|
Batting: RHB Junki Nakamoto
|
0-0: Called Strike 0-1: Called Strike 0-2: Ball 1-2: Ball 2-2: Ball 3-2: Foul Ball, location: 2F 3-2: Base on Balls Chris Artz to third Louwe Starmans to second
|
Batting: RHB Rob Bly
|
0-0: Ball 1-0: Ball 2-0: Called Strike 2-1: Swinging Strike 2-2: Ball 3-2: Fly out, F4 (Flyball, 34D, EV 86.2 MPH)
|
Batting: LHB Tom Prayer
|
0-0: Called Strike 0-1: Ball 1-1: Ball 2-1: Fly out, F9 (Line Drive, 9, EV 90.6 MPH)
|
Bottom of the 4th over - 0 runs, 0 hits, 0 errors, 3 left on base; Tri-City 1 - Brooklyn 2 |
TOP OF THE 5TH |
Tri-City Dust Devils batting - Pitching for Brooklyn Cyclones : RHP Nate LaCava
|
Batting: RHB Freddie Brown
|
0-0: Called Strike 0-1: Swinging Strike 0-2: Ball 1-2: Ball 2-2: Strikes out swinging
|
Batting: LHB Hugo MacBeth
|
0-0: Ground out 4-3 (Groundball, 4S, EV 68.8 MPH)
|
Batting: RHB Max Stillo
|
0-0: Called Strike 0-1: Foul Ball, location: 2F 0-2: Fly out, F7 (Flyball, 78M, EV 85.6 MPH)
|
Top of the 5th over - 0 runs, 0 hits, 0 errors, 0 left on base; Tri-City 1 - Brooklyn 2 |
BOTTOM OF THE 5TH |
Brooklyn Cyclones batting - Pitching for Tri-City Dust Devils : LHP Cory Watson
|
Pitching: LHP Kentaro Shimasaki
|
|
Batting: SHB Alex Cavazos
|
0-0: Ball 1-0: Called Strike 1-1: Ball 2-1: Ball 3-1: Called Strike 3-2: Ground out 4-3 (Groundball, 34, EV 85.0 MPH)
|
Batting: RHB Jose Lara
|
0-0: Ball 1-0: Swinging Strike 1-1: Ball 2-1: Foul Ball, location: 2F 2-2: Ball 3-2: Strikes out swinging
|
Batting: RHB Tomas Raya
|
0-0: Called Strike 0-1: Ball 1-1: Swinging Strike 1-2: Strikes out looking
|
Bottom of the 5th over - 0 runs, 0 hits, 0 errors, 0 left on base; Tri-City 1 - Brooklyn 2 |
TOP OF THE 6TH |
Tri-City Dust Devils batting - Pitching for Brooklyn Cyclones : RHP Nate LaCava
|
Batting: RHB Mario Mejia
|
0-0: Called Strike 0-1: Ball 1-1: Ball 2-1: Foul Ball, location: 2F 2-2: SINGLE (Flyball, 78S, EV 88.1 MPH)
|
Batting: LHB Ramon Vega
|
0-0: Ball Mario Mejia steals 2nd base 1-0: Swinging Strike 1-1: Foul Ball, location: 2F 1-2: Strikes out swinging
|
Batting: RHB Jeremy Lewis
|
0-0: Ball 1-0: Called Strike 1-1: Ball Mario Mejia steals 3rd base 2-1: Ball 3-1: Foul Ball, location: 2F 3-2: SINGLE (Groundball, 6, EV 99.4 MPH) Mario Mejia scores
|
Batting: LHB Sammy Roddenberry
|
0-0: Called Strike 0-1: Called Strike Jeremy Lewis steals 2nd base 0-2: Foul Ball, location: 2F 0-2: Ball 1-2: Ground out 5-3 (Groundball, 56, EV 81.2 MPH)
|
Batting: RHB Wally Cangro
|
0-0: Called Strike 0-1: Called Strike 0-2: Foul Ball, location: 2F 0-2: Strikes out swinging
|
Top of the 6th over - 1 run, 2 hits, 0 errors, 1 left on base; Tri-City 2 - Brooklyn 2 |
BOTTOM OF THE 6TH |
Brooklyn Cyclones batting - Pitching for Tri-City Dust Devils : LHP Kentaro Shimasaki
|
Batting: RHB Danny Runberg
|
0-0: Hit by Pitch
|
Batting: RHB Chris Artz
|
0-0: Called Strike 0-1: Swinging Strike 0-2: Ball 1-2: Strikes out swinging
|
Batting: RHB Louwe Starmans
|
0-0: Ball 1-0: Ball 2-0: Ball 3-0: Called Strike 3-1: Base on Balls Danny Runberg to second
|
Batting: RHB Junki Nakamoto
|
0-0: Ball 1-0: Swinging Strike 1-1: Ball 2-1: SINGLE (Line Drive, 9S, EV 108.8 MPH) Danny Runberg to third Louwe Starmans to second Runner from 3rd tries for Home, SAFE, throw by RF to home
|
Pitching: RHP Chris Pisor
|
|
Batting: RHB Rob Bly
|
0-0: Fielders Choice at 2nd, 6-4 (Groundball, 6, EV 84.4 MPH) Louwe Starmans to third
|
Batting: LHB Tom Prayer
|
0-0: Foul Ball, location: 2F 0-1: Called Strike 0-2: Ball 1-2: SINGLE (Line Drive, 56, EV 96.9 MPH) Louwe Starmans scores Rob Bly to second
|
Batting: SHB Alex Cavazos
|
0-0: Fly out, F8 (Line Drive, 8RM, EV 86.9 MPH)
|
Bottom of the 6th over - 2 runs, 2 hits, 0 errors, 2 left on base; Tri-City 2 - Brooklyn 4 |
TOP OF THE 7TH |
Tri-City Dust Devils batting - Pitching for Brooklyn Cyclones : RHP Nate LaCava
|
Batting: RHB Jaden Scott
|
0-0: Foul Ball, location: 2F 0-1: Foul Ball, location: 2F 0-2: Ground out 5-3 (Groundball, 5, EV 98.8 MPH)
|
Batting: RHB Freddie Brown
|
0-0: Called Strike 0-1: Foul Ball, location: 2F 0-2: Ball 1-2: Ball 2-2: Strikes out swinging
|
Batting: LHB Hugo MacBeth
|
0-0: Called Strike 0-1: Ball 1-1: Swinging Strike 1-2: Ball 2-2: Foul Ball, location: 2F 2-2: Strikes out swinging
|
Top of the 7th over - 0 runs, 0 hits, 0 errors, 0 left on base; Tri-City 2 - Brooklyn 4 |
BOTTOM OF THE 7TH |
Brooklyn Cyclones batting - Pitching for Tri-City Dust Devils : RHP Chris Pisor
|
Batting: RHB Jose Lara
|
0-0: Called Strike 0-1: Ball 1-1: Swinging Strike 1-2: Strikes out swinging
|
Batting: RHB Tomas Raya
|
0-0: Called Strike 0-1: Called Strike 0-2: Ball 1-2: Ball 2-2: Ball 3-2: Foul Ball, location: 2F 3-2: Strikes out looking
|
Batting: RHB Danny Runberg
|
0-0: Ball 1-0: Swinging Strike 1-1: Ball 2-1: Called Strike 2-2: Ball 3-2: Strikes out looking
|
Bottom of the 7th over - 0 runs, 0 hits, 0 errors, 0 left on base; Tri-City 2 - Brooklyn 4 |
TOP OF THE 8TH |
Tri-City Dust Devils batting - Pitching for Brooklyn Cyclones : RHP Nate LaCava
|
Pitching: LHP Justin Martin
|
|
Batting: RHB Max Stillo
|
0-0: Foul Ball, location: 2F 0-1: Ball 1-1: Ground out 5-3 (Groundball, 56S, EV 63.8 MPH)
|
Batting: RHB Mario Mejia
|
0-0: Ball 1-0: Called Strike 1-1: Ground out 5-3 (Groundball, 56S, EV 93.8 MPH)
|
Pinch Hitting: RHB Dave McBain
|
0-0: Ball 1-0: Called Strike 1-1: Swinging Strike 1-2: Ball 2-2: Ball 3-2: Strikes out looking
|
Top of the 8th over - 0 runs, 0 hits, 0 errors, 0 left on base; Tri-City 2 - Brooklyn 4 |
BOTTOM OF THE 8TH |
Brooklyn Cyclones batting - Pitching for Tri-City Dust Devils : RHP Chris Pisor
|
Pitching: LHP Jay Bowen
|
|
Now in CF: Dave McBain
|
|
Now in RF: Sammy Roddenberry
|
|
Batting: RHB Chris Artz
|
0-0: Ball 1-0: Called Strike 1-1: Swinging Strike 1-2: Ball 2-2: Foul Ball, location: 2F 2-2: Strikes out swinging
|
Batting: RHB Louwe Starmans
|
0-0: Ball 1-0: Ground out 5-3 (Groundball, 5L, EV 88.1 MPH)
|
Batting: RHB Junki Nakamoto
|
0-0: SINGLE (Line Drive, 8RS, EV 103.8 MPH)
|
Batting: RHB Rob Bly
|
0-0: Ball Junki Nakamoto steals 2nd base 1-0: Fly out, F5 (Popup, 56, EV 60.6 MPH)
|
Bottom of the 8th over - 0 runs, 1 hit, 0 errors, 1 left on base; Tri-City 2 - Brooklyn 4 |
TOP OF THE 9TH |
Tri-City Dust Devils batting - Pitching for Brooklyn Cyclones : LHP Justin Martin
|
Pitching: RHP Danny Helm
|
|
Now at 1B: Adam Barry
|
|
Now at 2B: Tom Prayer
|
|
Now at SS: David Kunze
|
|
Now in RF: Jose Lara
|
|
Batting: RHB Jeremy Lewis
|
0-0: Ball 1-0: Ball 2-0: Foul Ball, location: 2F 2-1: Ground out 5-3 (Groundball, 5, EV 98.1 MPH)
|
Batting: LHB Sammy Roddenberry
|
0-0: Ball 1-0: SINGLE (Groundball, 4MD, EV 94.4 MPH)
|
Batting: RHB Wally Cangro
|
0-0: Ball 1-0: Foul Ball, location: 2F 1-1: Ball 2-1: Foul Ball, location: 2F 2-2: Fielders Choice at 2nd, 2-6 (Groundball, 2R, EV 68.8 MPH)
|
Batting: RHB Jaden Scott
|
0-0: Ball 1-0: Ball Pickoff Throw to First - Out! 1-3
|
Top of the 9th over - 0 runs, 1 hit, 0 errors, 0 left on base; Tri-City 2 - Brooklyn 4 |
|